 Dungeon Crawl Stone Soup version 0.21-a0-150-gc243083 (webtiles) character file.

239 Sheltem the Magician (level 5, -5/28 HPs)
             Began as a Deep Elf Wizard on July 28, 2017.
             Killed by divine providence
             ... invoked by an orc priest
              (12 damage)
             ... on level 3 of the Dungeon.
             The game lasted 01:07:58 (3550 turns).

Sheltem the Magician (Deep Elf Wizard)              Turns: 3550, Time: 01:07:59

Health: -5/28      AC:  8    Str:  4    XL:     5   Next: 79%
Magic:  5/16       EV: 13    Int: 23    God:
Gold:   176        SH:  0    Dex: 14    Spells: 4/17 levels left

rFire    . . .     SeeInvis .   l - +0 flail (crush)
rCold    . . .     Gourm    .   (no shield)
rNeg     + . .     Faith    .   q - +2 animal skin
rPois    +         Spirit   .   r - +2 helmet
rElec    .         Reflect  .   b - +0 cloak
rCorr    .         Harm     .   (no gloves)
MR       .....     Rnd*Rage +   (no boots)
Stlth    ++........             (no amulet)
HPRegen  0.09/turn              y - ring of positive energy
MPRegen  0.15/turn              (no ring)

@: no status effects
A: berserk 1, poison resistance
a: no special abilities


You were on level 3 of the Dungeon.
You were not hungry.

You visited 1 branch of the dungeon, and saw 3 of its levels.

You collected 176 gold pieces.

Inventory:

Hand Weapons
 a - a +2 quarterstaff of chaos
 i - a +1 dagger of holy wrath
 l - a +0 flail of crushing (weapon)
Missiles
 g - 9 poisoned needles (quivered)
 h - 24 arrows
 p - 110 stones
Armour
 b - a +0 cloak (worn)
 k - a +2 hat
 q - a +2 animal skin (worn)
 r - a +2 helmet (worn)
Jewellery
 m - an uncursed ring of ice
 y - a ring of positive energy (left hand)
Wands
 t - a wand of flame (31/48)
Scrolls
 f - 2 scrolls of fog
Potions
 c - a potion of ambrosia {unknown}
 e - a potion of lignification
 j - a potion of flight
 o - a potion of curing
 s - 2 potions of brilliance {unknown}
 w - a potion of agility {unknown}
Books
 n - a book of Minor Magic

   Spells                             Type                      Level
   a - Magic Dart                     Conjuration                  1
   b - Blink                          Translocation                2
   c - Call Imp                       Summoning                    2
   d - Slow                           Hexes                        2
   e - Conjure Flame                  Conjuration/Fire             3
   f - Mephitic Cloud                 Conjuration/Poison/Air       3
Comestibles
 d - 6 bread rations
 u - 3 fruits
 v - 2 royal jellies
 z - 2 chunks of flesh


   Skills:
 + Level 0.5 Fighting
 + Level 0.6 Short Blades
   Level 0.5(0.9) Axes
 + Level 0.7(0.9) Maces & Flails
 + Level 0.2 Throwing
 + Level 3.4 Dodging
 + Level 3.0 Stealth
 + Level 6.6 Spellcasting
 + Level 2.2 Conjurations
 + Level 1.7 Summonings
 + Level 1.3 Translocations
 + Level 0.2 Fire Magic


You had 4 spell levels left.
You knew the following spells:

 Your Spells              Type           Power        Failure   Level  Hunger
a - Magic Dart            Conj           ###.         3%          1    None
b - Call Imp              Summ           ###.....     6%          2    None
c - Blink                 Tloc           N/A          7%          2    None
d - Slow                  Hex            #.......     12%         2    None
e - Conjure Flame         Conj/Fire      ##......     14%         3    None
f - Mephitic Cloud        Conj/Pois/Air  ##......     17%         3    None


Dungeon Overview and Level Annotations

Branches:
Dungeon (3/15)

Altars:


Innate Abilities, Weirdness & Mutations

You tend to lose your temper in combat.
Your system is resistant to poisons. (rPois)


Message History

* * * LOW HITPOINT WARNING * * *
Unknown command.
Casting: Magic Dart
Confirm with . or Enter, or press ? or * to list all spells.
You blink.
Casting: Blink
Confirm with . or Enter, or press ? or * to list all spells.
Aiming: Conjure Flame
Press: ? - help, Dir - move target cursor, p - orc priest The fire ignites!
You hear the rapid rusting of a distant drain.
Tossing away (i - inventory. (,) - cycle):
g - 10 poisoned needles (quivered)
Press: ? - help, Shift-Dir - straight line, f - orc priest
Aim: an orc priest (heavily wounded)
You toss away a poisoned needle.
The poisoned needle hits the orc priest.
The orc priest is heavily wounded.
The orc priest calls down the wrath of Beogh upon you.
Beogh smites you!
You die...

.##.#.........#
.##.##.##.....# ..
.##.##.....# .......).###
.###.....# #.....# #.....#
###.....#################
.............@...§o......##
......##################..#
...... ##.# ...... #.#
....## #.## .... #..# ##.#
#o## #..#


You could see an orc priest.

Vanquished Creatures
  Crazy Yiuf (D:2)
  A hound (D:3)
  An orc wizard (D:3)
  Jessica (D:2)
  Robin (D:2)
  An adder (D:3)
  An ooze (D:1)
  5 dart slugs
  A leopard gecko (D:1)
  5 orcs (D:3)
  4 giant cockroaches
  17 goblins
  8 hobgoblins
  3 ball pythons
  13 bats
  2 frilled lizards
  7 kobolds
  6 rats
78 creatures vanquished.

Vanquished Creatures (collateral kills)
  Terence (D:2)
  A worm (D:3)
  A goblin (D:1)
  A ball python (D:3)
  A bat (D:3)
  A frilled lizard (D:1)
  2 kobolds (D:1)
  A rat (D:1)
9 creatures vanquished.

Grand Total: 87 creatures vanquished

Notes
Turn   | Place    | Note
-------+----------+-------------------------------------------
     0 | D:1      | Sheltem the Deep Elf Wizard began the quest for the Orb.
     0 | D:1      | Reached XP level 1. HP: 10/10 MP: 7/7
   222 | D:1      | Reached XP level 2. HP: 13/15 MP: 7/9
   226 | D:1      | Learned a level 2 spell: Call Imp
   229 | D:1      | Learned a level 2 spell: Blink
   232 | D:1      | Learned a level 2 spell: Slow
   345 | D:1      | Reached skill level 5 in Spellcasting
   864 | D:1      | Reached XP level 3. HP: 19/19 MP: 8/11
  1313 | D:2      | Learned a level 3 spell: Conjure Flame
  1341 | D:2      | Noticed Robin
  1470 | D:2      | Killed Robin
  1618 | D:2      | Noticed Terence
  1719 | D:2      | Killed Terence
  1719 | D:2      | Reached XP level 4. HP: 10/24 MP: 0/13
  1799 | D:2      | Learned a level 3 spell: Mephitic Cloud
  1944 | D:2      | Noticed Jessica
  1951 | D:2      | Killed Jessica
  1951 | D:2      | Reached skill level 6 in Spellcasting
  2050 | D:2      | Gained mutation: You tend to lose your temper in combat. [potion of mutation]
  2050 | D:2      | Gained mutation: Your system is resistant to poisons. (rPois) [potion of mutation]
  2618 | D:2      | Found a runed door.
  2622 | D:2      | Noticed Crazy Yiuf
  2635 | D:2      | Killed Crazy Yiuf
  2800 | D:2      | Reached XP level 5. HP: 28/28 MP: 13/15
  3550 | D:3      | Killed from afar by an orc priest

Vault maps used:
D:1:      dpeg_arrival_round_b, minmay_misc_feat_pillars, grunt_decor_one_mirror
D:2:      grunt_ministairs_10, minmay_liquid_box, uniq_jessica,
          uniq_crazy_yiuf_cottage, uniq_terence, uniq_robin
D:3:      minitemple, cheibrodos_sewer_entry_bend, first_bread

Skill      XL: |  1  2  3  4  5 |
---------------+----------------+-----
Spellcasting   | 5 6 |  6.6
Dodging        | 3 |  3.4
Conjurations   | 2 |  2.2
Stealth        | 3 |  3.0
Fighting       | |  0.5
Short Blades   | |  0.6
Axes           | |  0.5
Maces & Flails | |  0.7
Throwing       | |  0.2
Summonings     | |  1.7
Translocations | |  1.3
Fire Magic     | |  0.2

Action                   |  1- 3 |  4- 6 || total
-------------------------+-------+-------++-------
Melee: Hand axe          |    29 |       ||    29
       Dagger            |    82 |       ||    82
       Flail             |       |    36 ||    36
       Quarterstaff      |       |     3 ||     3
Throw: Stone             |    11 |       ||    11
 Cast: Magic Dart        |    71 |    80 ||   151
       Call Imp          |    10 |     4 ||    14
       Conjure Flame     |     5 |     1 ||     6
       Blink             |     4 |     4 ||     8
       Slow              |       |     1 ||     1
       Mephitic Cloud    |       |     1 ||     1
  Use: Scroll            |     3 |     5 ||     8
       Potion            |     3 |     3 ||     6
 Stab: Sleeping          |     1 |       ||     1
  Eat: Chunk             |     2 |     1 ||     3
       Meat ration       |       |     1 ||     1
Armor: Robe              |    15 |       ||    15
       Skin              |    57 |       ||    57
       Animal skin       |     2 |    19 ||    21
Dodge: Dodged            |    55 |    46 ||   101
